 Dungeon Crawl Stone Soup version 0.30-a0-651-g0755cc6dcf (webtiles) character file.

Game seed: 6391253413736204479

2365 CannotBeFrozen the Cudgeller (level 9, -1/72 HPs)
             Began as a Demigod Reaver on Jan 18, 2023.
             Slain by a killer bee (8 damage)
             ... on level 8 of the Dungeon.
             The game lasted 00:37:05 (8019 turns).

CannotBeFrozen the Cudgeller (Demigod Reaver)       Turns: 8019, Time: 00:37:06

Health: -1/72      AC:  7    Str: 19    XL:     9   Next: 1%
Magic:  1/16       EV: 12    Int: 27    God:
Gold:   493        SH:  0    Dex: 12    Spells: 5/14 levels left

rFire   . . .      SeeInvis .    a - +5 flail (freeze)
rCold   . . .      Faith    .    (no shield)
rNeg    . . .      Spirit   .    v - +0 leather armour
rPois   .          Reflect  .    d - +0 helmet
rElec   .          Harm     .    x - +0 cloak
rCorr   .          Rampage  .    (no gloves)
Will    .....                    l - +1 pair of boots
Stlth   +                        (no amulet)
HPRegen 0.32/turn                h - ring of flight
MPRegen 0.15/turn                A - +6 ring of strength

@: immotile, flying, very slightly contaminated
A: high MP 1, forlorn, divine attributes
a: no special abilities


You were on level 8 of the Dungeon.
You visited 1 branch of the dungeon, and saw 8 of its levels.
You also visited: Sewer.

You collected 493 gold pieces.

Inventory:

Hand Weapons
 a - a +5 flail of freezing (weapon)
 b - a +1 morningstar
 r - a +0 lajatang
 H - a +0 mace of draining
Missiles
 g - 44 stones
 p - 12 boomerangs
 t - 2 curare-tipped darts {=f=F}
 u - 15 poisoned darts (quivered)
 E - 3 atropa-tipped darts {=f=F}
Armour
 d - a +0 helmet (worn)
 l - a +1 pair of boots (worn)
 n - a +0 ring mail
 v - a +0 leather armour (worn)
 x - a +0 cloak (worn)
Jewellery
 h - a ring of flight (left hand)
 A - a +6 ring of strength (right hand)
Wands
 y - a wand of charming (13)
 z - a wand of flame (48)
Scrolls
 c - 3 scrolls of teleportation {@r2}
 i - 2 scrolls of amnesia
 k - 2 scrolls of immolation
 B - a scroll of silence
 F - a scroll of identify {@r1}
Potions
 e - 5 potions of lignification
 f - 2 potions of curing {@q1}
 j - a potion of ambrosia
 m - a potion of cancellation
 o - a potion of brilliance
 q - 2 potions of haste
 s - 5 potions of flight
 w - 2 potions of mutation
 C - a potion of might
 D - a potion of magic
 G - a potion of attraction


   Skills:
 + Level 4.5 Fighting
 + Level 7.3 Maces & Flails
 - Level 2.0 Armour
 - Level 2.0 Dodging
 - Level 3.0 Spellcasting
 - Level 5.0 Conjurations
 - Level 2.0 Translocations
 - Level 5.0 Ice Magic


You had 5 spell levels left.
You knew the following spells:

 Your Spells              Type           Power      Damage    Failure   Level
h - Hailstorm             Conj/Ice       31%        3d8       4%          3
k - Kiss of Death         Conj/Necr      68%        2d10      3%          1
m - Momentum Strike       Conj/Tloc      44%        3d9       3%          2
r - Frozen Ramparts       Ice            62%        1d10      4%          3

Your spell library contained the following spells:

 Spells                   Type           Power      Damage    Failure   Level
 Freeze                   Ice            100%       1d10      1%          1
 Ensorcelled Hibernation  Hex/Ice        34%        N/A       5%          2
 Dazzling Flash           Conj/Hex       34%        N/A       11%         3
 Passwall                 Tmut/Erth      3%         N/A       16%         2
 Iskenderun's Mystic Bla  Conj/Tloc      22%        2d6       24%         4
 Swiftness                Air            4%         N/A       30%         3
 Animate Armour           Summ/Erth      8%         N/A       71%         4
 Blade Hands              Tmut           2%         N/A       96%         5
 Iron Shot                Conj/Erth      8%         9d3       99%         6
 Starburst                Conj/Fire      8%         6d4       99%         6
 Chain Lightning          Conj/Air       8%         3d11      100%        9
 Fire Storm               Conj/Fire      8%         8d2       100%        9
 Shatter                  Erth           2%         3d6*      100%        9


Dungeon Overview and Level Annotations

Branches:
Dungeon (8/15)             Temple (0/1) D:7           Sewer (visited)
   Lair: D:8-11

Shops:
D:2 [   D:3 =

Annotations:
D:4 1 runed translucent door, tensugalgo's ghost, amateur GnRe


Innate Abilities, Weirdness & Mutations

You have an increased reservoir of magic. (+10% MP)
You shall have no god before yourself.
Your divine heritage dramatically boosts your attributes as you level up.


Message History

HP: 3/67 (-6) ------------ You feel better.
The wall freezes the killer bee.
The killer bee stings you but does no damage.
The wall freezes the killer bee.
You kill the killer bee!
The wall freezes the killer bee.
You kill the killer bee!
A killer bee comes into view.
You have reached level 9!
Your experience leads to a dramatic increase in your attributes!
Your base attributes are Str 13, Int 23, Dex 12.
Increase (S)trength, (I)ntelligence, or (D)exterity?
You feel clever. x4
A killer bee is nearby!
The killer bee buzzes angrily.
A goblin comes into view. It is wielding a +0 spear.
Casting: Hailstorm (dangerous; 4% risk of failure)
Confirm with . or Enter, or press ? or * to list all spells.
Aiming: Momentum Strike (safe; 3% risk of failure)
Press: ? - help, Dir - move target, f - killer bee
Aim: a killer bee (43% to hit)
You miscast Momentum Strike.
You are very lightly contaminated with residual magic.
Nothing appears to happen.
* * * LOW MAGIC WARNING * * *
The frozen ramparts melt away.
The killer bee barely misses you.
MP: 3/16 (-1)
Casting: Momentum Strike (safe; 3% risk of failure)
Confirm with . or Enter, or press ? or * to list all spells.
Aiming: Momentum Strike (safe; 3% risk of failure)
Press: ? - help, Dir - move target, f/p - killer bee
Aim: a killer bee (43% to hit)
The concentrated momentum hits the killer bee!
The killer bee is moderately wounded.
You are unable to move.
* * * LOW MAGIC WARNING * * *
The killer bee stings you.
* * * LOW HITPOINT WARNING * * *
The killer bee stings you!
You die...

### ##.. #### ##..#
#@†## ##..#
##y)######..#
###))...)....#
#####..g..#####..##
..o.......#
###.#####.
.g.$D.....#
#.......
...y......#
#<......
.y#########
##..#### y ###


You could see a killer bee and a goblin.

Vanquished Creatures
  A steam dragon (D:8)
  A water moccasin (D:7)
  An ice beast (D:7)
  A black bear (D:3)
  3 sky beasts (D:7)
  A centaur (D:7)
  2 kobold brigands
  2 bullfrogs (D:7)
  A scorpion (D:6)
  4 wights (D:6)
  3 killer bees (D:8)
  7 hounds
  A jelly (D:7)
  3 orc priests
  6 iguanas
  An orc wizard (D:6)
  12 adders
  4 gnolls (D:5)
  7 river rats
  A shadow imp (D:7)
  A white imp (D:7)
  5 worms
  3 dart slugs
  19 orcs
  19 bats
  A bat zombie (D:2)
  10 endoplasms
  5 giant cockroaches
  3 goblins
  5 hobgoblins
  16 jackals
  4 quokkas
  9 ball pythons
  A ball python skeleton (D:2)
  A ball python zombie (D:2)
  7 frilled lizards
  2 giant cockroach zombies (D:2)
  A jackal skeleton (D:2)
  26 kobolds
  2 rats
202 creatures vanquished.

Vanquished Creatures (collateral kills)
  7 kobolds (D:5)
  A quokka (D:5)
8 creatures vanquished.

Vanquished Creatures (others)
  A killer bee (D:8)
  An iguana (D:5)
  An adder (Sewer)
  A river rat (Sewer)
  5 fungi (D:5)
  48 plants (D:6)
  10 withered plants (D:2)
67 creatures vanquished.

Grand Total: 277 creatures vanquished

Notes
Turn   | Place    | Note
-------+----------+-------------------------------------------
     0 | D:1      | CannotBeFrozen the Demigod Reaver began the quest for the
                  | Orb.
     0 | D:1      | Reached XP level 1. HP: 17/17 MP: 5/5
   183 | D:1      | Reached XP level 2. HP: 24/24 MP: 7/7
   186 | D:1      | Learned a level 2 spell: Momentum Strike
   470 | D:1      | Reached skill level 3 in Maces & Flails
   801 | D:1      | Dungeon 1 was uneventful. I tried putting on a suit of
                  | plate mail armour that I found on the floor, but it
                  | completely prevented my from casing any of my spells.
   859 | D:2      | Nice, I already have a helmet and some boots.
   888 | D:2      | I just one-shot a worm with my momentum strike.
   931 | D:2      | Found Atiyfra's Antique Armour Shoppe.
   966 | D:2      | Reached XP level 3. HP: 27/29 MP: 8/8
  1080 | D:2      | Learned a level 3 spell: Hailstorm
  1476 | D:2      | Adders are not scary when you are a Reaver.
  1535 | D:2      | I think I should bring up my combat skills before bringing
                  | Hailstorm online.
  1719 | D:2      | Reached XP level 4. HP: 36/36 MP: 6/9
  1938 | D:2      | Dungeon 2 was also pretty chill. I found some nice books
                  | and a few pieces of armour. A better weapon would be nice
                  | to have.
  2288 | D:3      | Hmm, a Lajatang is an attractive weapon. I'll keep it for
                  | the odd read-ding brand weapon.
  2310 | D:3      | Reached skill level 1 in Translocations
  2481 | D:3      | Found Gururr's Jewellery Emporium.
  2489 | D:3      | Found an amazing ring in a shop!
  2876 | D:3      | Noticed a black bear
  2902 | D:3      | Killed a black bear
  2903 | D:3      | Reached skill level 4 in Maces & Flails
  2903 | D:3      | Reached XP level 5. HP: 41/41 MP: 5/10
  3024 | D:3      | Dungeon 3 had a Black Bear in it. How did that get here. I
                  | was able to poison it from afar and finish it off with a
                  | lucky hit.
  3478 | D:4      | Found a runed translucent door.
  3483 | D:4      | Noticed tensugalgo's ghost (amateur GnRe)
  3965 | D:5      | Entered Level 5 of the Dungeon
  4060 | D:5      | Found a glowing drain.
  4093 | D:5      | Reached XP level 6. HP: 26/48 MP: 6/11
  4097 | D:5      | Reached skill level 5 in Maces & Flails
  4279 | Sewer    | Entered a sewer
  5117 | D:5      | Reached skill level 6 in Maces & Flails
  5175 | D:5      | Reached XP level 7. HP: 55/55 MP: 13/13
  5503 | D:5      | Learned a level 3 spell: Frozen Ramparts
  5561 | D:6      | Reached skill level 1 in Ice Magic
  5762 | D:6      | Reached skill level 1 in Armour
  6695 | D:6      | Reached XP level 8. HP: 56/61 MP: 12/15
  6820 | D:7      | Found a staircase to the Ecumenical Temple.
  6831 | D:7      | Reached skill level 5 in Conjurations
  7390 | D:7      | Reached skill level 5 in Ice Magic
  7836 | D:7      | Reached skill level 7 in Maces & Flails
  7958 | D:7      | Frozen Ramparts is so OP!
  8014 | D:8      | HP: 3/67 [something (6)]
  8016 | D:8      | Reached XP level 9. HP: 11/72 MP: 4/16
  8019 | D:8      | Slain by a killer bee

Illustrated notes ##..##.......# ##... #....^.....### ####.. #.##....##...###....# #.##....##...##..###. #..###..##...##.###.. ##.# ##..#......# #.# ##.#####.....#### #.# #........#...## ##.# #..@.#######..# #..# #...## ##.####.## ##### #......# ####.### ### Turn 801 on D:1: Dungeon 1 was uneventful. I tried putting on a suit of plate mail armour that I found on the floor, but it completely prevented my from casing any of my spells. . <## ..# # #.# .#.#.##### #.#.# .#...... #..# #.#.# ........##..## #..### ..............###@..###. #..... .##..##.#......... ..... .........######### #.#.# ###..###.# #<#.# #..###.# #.#.#####...##.# ##.........#....# .>...#####...#### ###### ##### Turn 859 on D:2: Nice, I already have a helmet and some boots. #<# #.# #.# ..# #.# #.# #######.## #PP......# #####....#@#...... .........#..<##### ###.####PP..##...# #..#.......###.#.# #.#.#.#####..# #.#.# #.#......##..###.#.# .........##..##.#..### ..............###...###. #.......##..##.#......... Turn 888 on D:2: I just one-shot a worm with my momentum strike. #.# #.# ####. #.# #####.# #.... #.####...... #..g. #.##.....#.. #P..8 #.##.....##. #..P. #....._..##. #:#.. ###......### #....##########.....# # #.@...†........#.# # ################.### #...> ##### Turn 1476 on D:2: Adders are not scary when you are a Reaver. ####..###....#.#J########## ............P#.#.# ####..###...P..#.# #..# #.....##.# #..###.#.#.##.# ########.............#### .........####.#.#.##..... ##########........#...~.. #.######@..~~~~. #.# ###.≈~~.P #.### #)# .~~~~. #.... ##########.# ~~~~. ##### ......#....# P.... #####.#....# ..## ##### #.#...## #.# #PP.. #.##.## #.# #####.... #.##.###### #.# ......... Turn 1535 on D:2: I think I should bring up my combat skills before bringing Hailstorm online.

##### #.# #.....#
....########.####.....#
...P.##...............#
#.P..##>..............#
#........###†####..##.#
#.P......# #.# #.###.#
##...#######.# #.# #.#
#.#.## #..# #.# #.# .##.#
#.## #@# #.# .##.# #.#
#.###.### .##.#
####.#####.#.....# .##.#
#.......##.#.....#
.##.####..........#.....#
.##...##...###.####.....#
#####.###.## #.# #.....#
#.# #.# #.# ###.### #.#
#.# #.######.#


Turn 1938 on D:2: Dungeon 2 was also pretty chill. I found some nice books and a
few pieces of armour. A better weapon would be nice to have. #.##...# ..
#......# .. #..#.### ### #..#.# .# #.##.# .# #<#..####.# ##.#.###...#
##..#.#...#....# ##...#..@###....# ####..###..........# #.>..)....#####....#
#.......#.# ### #.......#.# ########### Turn 2288 on D:3: Hmm, a Lajatang is an
attractive weapon. I'll keep it for the odd read-ding brand weapon. ### #.# #.#
### #### #.# #.# #.... #.# ##.######..... #.# #..#..........
###.###..#.##....... #####...........@......# ......#...>..##..####..#
#####.....##.#..## ###.....##.#.## ###.....#.##.#. ......#..#......
.####....#..#... ......##.#..###$ ..###.##.#..# . Turn 2489 on D:3: Found an
amazing ring in a shop! #..#.### ##.## #..#.# ##..# #.##.# #..## #<#..####.##
##.#.###...#### ##..#.#...#....# ##...#...###....# ####..###..........#
#.@..)....#####....# #.......#.# ###### #.......#.# ########### Turn 3024 on
D:3: Dungeon 3 had a Black Bear in it. How did that get here. I was able to
poison it from afar and finish it off with a lucky hit. .......# #.##.#.##)#
.......# #.##.#.##)# #......######.##.#.##)# ###.##.............##.#
.......######...<.....# #.#.#### ####.####.# #.#.# #.# #.# #.#.# ####.####.#
#.#.##### #...#@....# #.#.....#####.##.###### #.#####.##.......# #.#
#.##.##.#### #.#####.#...#.# #...........#.# ##............# .......>#######
######### Turn 7958 on D:7: Frozen Ramparts is so OP!

Levels and vault maps discovered:
D:1:      wander_arrival_desolate, layout_rooms, minmay_tetromino_l4
D:2:      layout_loops_ring, basic_altar, serial_undead, serial_undead_e,
          serial_undead_a, serial_undead_b, serial_undead_c, serial_undead_e,
          serial_undead_f, serial_shops, shop
D:3:      layout_rooms, mainiacjoe_overflow_small_starburst, serial_shops, shop
D:4:      layout_basic, lemuel_coloured_pillars_altar, ebering_ghost_inner_flame
D:5:      layout_rooms, minitemple, portal_sewer_entry_a, dreamdust_gnoll_farm
D:6:      kennysheep_kobold_camp, layout_cave_pools
D:7:      layout_loops_ring, temple_fountains, st_stairs_14,
          kennysheep_small_square
D:8:      layout_layer_cave, lair_entry_dummy, enter_bailey_3, nzn_life_drinkers

Skill      XL: |  1  2  3  4  5  6  7  8 |
---------------+-------------------------+-----
Dodging        | 2 |  2.0
Fighting       | 2 4 |  4.5
Spellcasting   | 2 3 |  3.0
Maces & Flails | 3 4 6 7 |  7.3
Conjurations   | 3 4 5 |  5.0
Translocations | 2 |  2.0
Ice Magic      | 4 5 |  5.0
Armour         | 2 |  2.0

Action                   |  1- 3 |  4- 6 |  7- 9 || total
-------------------------+-------+-------+-------++-------
Melee: Mace              |   125 |   168 |       ||   293
       Punch             |     2 |     1 |     3 ||     6
       Morningstar       |       |     4 |    17 ||    21
       Flail             |       |       |    92 ||    92
Throw: Stone             |     1 |    21 |       ||    22
       Dart              |       |     8 |    12 ||    20
       Boomerang         |       |    10 |    23 ||    33
 Cast: Momentum Strike   |    11 |    40 |    28 ||    79
       Hailstorm         |       |       |     4 ||     4
       Frozen Ramparts   |       |       |    11 ||    11
Evoke: Wand              |       |     3 |       ||     3
  Use: Scroll            |       |    17 |     4 ||    21
       Potion            |       |       |     2 ||     2
 Stab: Betrayed ally     |       |     1 |       ||     1
Armor: Leather armour    |    50 |    75 |    57 ||   182
Dodge: Dodged            |    90 |   147 |    57 ||   294

Table legend: (Time is in decaauts)
 A = Elapsed time spent in this place.
 B = Non-inter-level travel time spent in this place.
 C = Inter-level travel time spent in this place.
 D = Time resting spent in this place.
 E = Time spent auto-exploring this place.
 F = Levels seen in this place.
 G = Mean time per level.
                   A        B        C        D        E       F      G
               +--------+--------+--------+--------+--------+-----+--------+
         Total |   8107 |   7897 |    210 |   1476 |   4227 |   9 |  900.8 |
       Dungeon |   7351 |   7141 |    210 |   1354 |   3957 |   8 |  918.9 |
         Sewer |    755 |    755 |      0 |    122 |    270 |   1 |  755.0 |
               +--------+--------+--------+--------+--------+-----+--------+

Top non-repeatable levels by time:
     D:2: 1297 daAuts
     D:6: 1287 daAuts
     D:7: 1156 daAuts
     D:4: 1078 daAuts
     D:3: 924 daAuts
     D:1: 846 daAuts
   Sewer: 755 daAuts
     D:5: 710 daAuts
     D:8: 49 daAuts
